Map: Muro dorado EE

Players

Dobbstar - Winner!

  • Race: Terran Terran
  • League: Gold
  • Spawn Location: 7:00

MrFercho

  • Race: Zerg Zerg
  • League: Gold
  • Spawn Location: 5:00

VOD

Have the link to the VOD?

Description

Time

  • Played on: Aug. 4, 2020, 8:02 p.m.
  • Length: 13:15
Show
View Real Time Build Order
Export as new Build Order

Dobbstar Terran - Winner!

Build Orders:  

Get SALT Encoding   

  12  0:00  SCV  
  13  0:13  SCV  
  14  0:20  Supply Depot  
  14  0:25  SCV  
  15  0:41  SCV  
  16  0:44  Barracks  
  16  0:53  SCV  
  16  0:54  Supply Depot  
  17  0:59  Refinery  
  17  1:05  SCV  
  17  1:09  Refinery  
  18  1:18  SCV  
  19  1:32  Marine  
  20  1:35  Orbital Command  
  20  1:49  Marine  
  21  2:02  Command Center  
  21  2:07  Marine  
  22  2:09  SCV  
  23  2:24  Factory  
  23  2:25  SCV  
  23  2:29  Marine  
  25  2:34  Engineering Bay  
  25  2:42  Supply Depot  
  25  2:44  SCV  
  26  3:13  Factory Tech Lab  
  26  3:23  Starport  
  26  3:25  Starport  
  26  3:34  Missile Turret  
  26  3:39  Siege Tank  
  29  3:44  Missile Turret  
  29  3:48  SCV  
  30  4:00  SCV  
  30  4:01  Missile Turret  
  31  4:04  Starport Tech Lab  
  31  4:05  Starport Tech Lab  
  31  4:11  Fusion Core  
  31  4:12  SCV  
  32  4:24  SCV  
  33  4:36  SCV  
  34  4:38  Refinery  
  34  4:40  Refinery  
  34  4:48  SCV  
  35  5:00  SCV  
  35  5:03  Battlecruiser  
  42  5:12  SCV  
  43  5:16  Weapon Refit  
  43  5:25  SCV  
  43  5:28  Supply Depot  
  44  5:37  SCV  
  44  5:40  Missile Turret  
  45  5:43  Missile Turret  
  45  5:45  Battlecruiser  
  45  5:49  SCV  
  52  5:56  Neosteel Armor  
  52  6:07  Missile Turret  
  52  6:25  Armory  
  52  6:29  Supply Depot, Armory  
  52  6:31  Siege Tank  
  55  7:21  Battlecruiser x2  
  67  8:35  Planetary Fortress  
  67  8:44  Command Center  
  66  9:04  Battlecruiser  
  62  9:33  Terran Ship Weapons Level 1  
  62  9:34  Terran Vehicle And Ship Armor Level 1  
  62  10:07  Supply Depot  
  62  10:08  Supply Depot  
  62  10:11  Supply Depot  
  62  10:29  Battlecruiser  
  52  11:16  SCV  
  50  11:24  Hi-Sec Auto Tracking  
  50  11:28  SCV  
  51  11:41  SCV  
  52  11:53  SCV  
  53  12:11  Refinery  
  53  12:23  Supply Depot x2  
  53  12:24  Command Center  
Show
View Real Time Build Order
Export as new Build Order

MrFercho Zerg 

Build Orders: Hatch First 

Get SALT Encoding   

  12  0:01  Drone  
  13  0:12  Overlord  
  13  0:18  Drone  
  14  0:32  Drone x2  
  16  0:52  Drone  
  16  0:53  Hatchery  
  16  0:56  Drone  
  17  1:00  Drone  
  18  1:06  Extractor  
  17  1:19  Spawning Pool  
  17  1:23  Drone  
  17  1:24  Drone  
  18  1:32  Drone  
  19  1:46  Drone  
  20  1:52  Drone  
  21  2:00  Overlord  
  21  2:06  Queen x2  
  25  2:08  Drone  
  25  2:11  Drone  
  27  2:18  Drone  
  28  2:23  Drone  
  28  2:29  Drone  
  30  2:34  Overlord  
  30  2:49  Drone  
  30  2:50  Drone x2  
  33  2:59  Roach Warren  
  33  3:04  Drone x2  
  34  3:13  Queen, Evolution Chamber  
  34  3:14  Queen  
  34  3:15  Drone x2  
  34  3:16  Evolution Chamber  
  38  3:21  Drone x3  
  38  3:26  Overlord  
  41  3:48  Drone  
  41  3:49  Drone x5  
  41  3:54  Queen  
  49  3:58  Zerg Missile Weapons Level 1  
  49  4:03  Lair  
  49  4:09  Drone x3  
  52  4:11  Overlord x2  
  52  4:12  Extractor, Overlord  
  52  4:15  Extractor  
  50  4:22  Drone x2  
  52  4:54  Roach  
  52  4:55  Roach x7  
  68  5:04  Glial Reconstitution  
  68  5:18  Drone x3  
  71  5:23  Overlord, Roach x2  
  71  5:25  Overlord  
  75  5:33  Hatchery  
  74  5:36  Overlord  
  74  5:38  Roach  
  76  5:51  Overlord x2  
  76  5:56  Drone  
  76  5:57  Drone x7  
  84  6:13  Zerg Missile Weapons Level 2  
  84  6:17  Zerg Ground Armor Level 1  
  84  6:24  Overlord x2  
  84  6:27  Roach x6  
  96  6:54  Drone  
  96  6:55  Drone x8  
  96  7:00  Overlord x2  
  105  7:02  Queen  
  93  7:26  Ravager x9  
  93  7:29  Spore Crawler  
  91  7:56  Roach x12  
  104  8:28  Drone x5  
  104  8:29  Drone x12  
  104  8:33  Extractor  
  120  8:35  Extractor  
  119  8:58  Zerg Ground Armor Level 2  
  95  9:22  Queen x2  
  95  9:23  Queen  
  76  9:31  Roach  
  76  9:32  Roach x11  
  92  9:41  Drone x3  
  92  9:42  Drone x2  
  92  9:43  Drone  
  94  9:52  Hydralisk Den  
  70  10:15  Hydralisk Den  
  59  10:43  Hydralisk  
  59  10:44  Hydralisk x8  
  65  11:04  Roach  
  65  11:05  Roach  
  65  11:17  Grooved Spines  
  47  11:28  Drone x4  
  47  11:31  Drone x6  
  50  11:47  Drone x4  
  50  11:49  Drone x2  
  55  11:56  Hatchery, Hydralisk  
  56  12:13  Hydralisk x4  
  64  12:17  Hatchery  
Tags
 
League
GoldGold
Matchup
TvZ
Replay Pack
MrFercho
Spawn Locations
Close Positions
Add a new tag
Caveats
  • Supply blocks, unpowered buildings, or Contaminate may cause inaccurate times.
  • Supply counts are checked every 10 seconds.